 Dungeon Crawl Stone Soup version 0.26-a0-597-gb535b0901c (webtiles) character file.

Game seed: 11344752115965655332

32 Lanoc the Sneak (level 3, -2/22 HPs)
             Began as a Deep Elf Delver on Sept 2, 2020.
             Was an Initiate of Fedhas.
             Killed from afar by a white imp (12 damage)
             ... with a puff of frost
             ... summoned by Natasha
             ... on level 4 of the Dungeon.
             The game lasted 00:01:15 (207 turns).

Lanoc the Sneak (Deep Elf Delver)                    Turns: 207, Time: 00:01:15

Health: -2/22      AC:  4    Str:  9    XL:     3   Next: 10%
Magic:  6/6        EV: 13    Int: 15    God:    Fedhas [......]
Gold:   59         SH:  0    Dex: 16    Spells: 2/2 levels left

rFire    . . .     SeeInvis .   a - +0 short sword
rCold    . . .     Faith    .   (no shield)
rNeg     . . .     Spirit   .   b - +0 leather armour
rPois    .         Reflect  .   (no helmet)
rElec    .         Harm     .   d - +0 cloak
rCorr    .                      (no gloves)
MR       .....                  (no boots)
Stlth    +++.......             (no amulet)
HPRegen  0.07/turn              (no ring)
MPRegen  0.10/turn              (no ring)

@: no status effects
A: no striking features
a: Renounce Religion


You were on level 4 of the Dungeon.
You worshipped Fedhas.
Fedhas was noncommittal.
You visited 1 branch of the dungeon, and saw 2 of its levels.

You collected 59 gold pieces.

Inventory:

Hand Weapons
 a - a +0 short sword (weapon)
Armour
 b - a +0 leather armour (worn)
 d - a +0 cloak (worn)
Wands
 g - a wand of digging (3)
Scrolls
 c - a scroll of fog
 e - a scroll of fear
Potions
 f - a potion of haste
 h - 2 potions of curing {unknown}
 i - a potion of degeneration {unknown}


   Skills:
 + Level 2.8 Fighting
 - Level 2.0 Short Blades
 + Level 3.2 Dodging
 - Level 6.0 Stealth
 + Level 1.5 Invocations


You had 2 spell levels left.
You didn't know any spells.
Your spell library was empty.

Dungeon Overview and Level Annotations

Branches:
Dungeon (5/15)
 Temple: D:4-7

Altars:
Fedhas

Portals:
Sewer: D:4

Annotations:
D:4 Natasha


Message History

The iron imp hits you but does no damage.
You hit Natasha.
Natasha is severely wounded.
The iron imp disappears in a puff of smoke!
Natasha claws you but does no damage.
You hit Natasha.
Natasha is severely wounded.
You feel less wooden.
Your +0 cloak unmelds from your body.
Your +0 leather armour unmelds from your body.
Natasha mumbles some strange words.
You miss Natasha.
Natasha is severely wounded.
Natasha casts a spell at you. The magic dart hits you!
The white imp gestures at you. The puff of frost hits you!
Ouch! That really hurt!
You die...
Fedhas appreciates your contribution to the ecosystem.

##......##..##...
#.......##..##...
#................
#................
#.........####### ***
##........#s≈sss#
*#.#######......#.#≈≈∩Ss+
*.....5.........#.#≈≈≈≈≈#
*.......@.......#.#######
*.[.....h.......#....w...
*.......§§§.))).##..##...
*............>..#*..#*...
*#.###..##...........,,,,
#***#.w*#...........,,,,
*,...#...........#*,,,
*....#...).......#**+*
*,,,,#.$..........,,,,


You could see a worm, Natasha and a white imp (summoned).

Vanquished Creatures
  Natasha (D:4)
  4 orcs (D:4)
5 creatures vanquished.

Notes
Turn   | Place    | Note
-------+----------+-------------------------------------------
     0 | D:5      | Lanoc the Deep Elf Delver began the quest for the Orb.
     0 | D:5      | Reached XP level 1. HP: 13/13 MP: 3/3
    37 | D:5      | Found a blossoming altar of Fedhas.
    40 | D:5      | Noticed a hound
    46 | D:5      | Became a worshipper of Fedhas Madash
    51 | D:4      | Noticed Natasha
    60 | D:4      | Killed Natasha
    60 | D:4      | Reached skill level 1 in Invocations
    60 | D:4      | Reached XP level 2. HP: 18/18 MP: 3/5
    63 | D:4      | Reached XP level 3. HP: 22/22 MP: 3/6
    73 | D:4      | Found a glowing drain.
   182 | D:4      | Noticed Natasha
   207 | D:4      | Killed from afar by a white imp

Illustrated notes

Levels and vault maps discovered:
D:4:      layout_gridville, gup_sewer_entry_glass, uniq_natasha
D:5:      minmay_opposing_rooms, layout_basic, fedhas_altar_2

Skill      XL: |  1 |
---------------+----+-----
Dodging        | 3 |  3.2
Invocations    | 1 |  1.5
Fighting       | |  2.8
Short Blades   | |  2.0
Stealth        | |  6.0

Action                   || total
-------------------------++-------
Melee: Unarmed           ||    10
       Short sword       ||    12
  Use: Scroll            ||     1
 Stab: Confused          ||     1
Armor: Skin              ||    19
Dodge: Dodged            ||    12

Table legend: (Time is in decaauts)
 A = Elapsed time spent in this place.
 B = Non-inter-level travel time spent in this place.
 C = Inter-level travel time spent in this place.
 D = Time resting spent in this place.
 E = Time spent auto-exploring this place.
 F = Levels seen in this place.
 G = Mean time per level.
                   A        B        C        D        E       F      G
               +--------+--------+--------+--------+--------+-----+--------+
         Total |    208 |    208 |      0 |      3 |     36 |   2 |  104.0 |
       Dungeon |    208 |    208 |      0 |      3 |     36 |   2 |  104.0 |
               +--------+--------+--------+--------+--------+-----+--------+

Top non-repeatable levels by time:
     D:4: 155 daAuts
     D:5: 52 daAuts
